 Dungeon Crawl Stone Soup version 0.21-a0-525-ga34b322 (webtiles) character file.

84 slep the Chopper (level 4, 0/23 HPs)
             Began as a Vine Stalker Gladiator on Dec 8, 2017.
             Slain by an orc
             ... wielding a +0 flail
              (3 damage)
             ... on level 3 of the Dungeon.
             The game lasted 00:04:47 (1028 turns).

slep the Chopper (Vine Stalker Gladiator)           Turns: 1028, Time: 00:04:48

Health: 0/23       AC:  9    Str: 17    XL:     4   Next: 46%
Magic:  0/5        EV:  8    Int:  8    God:
Gold:   95         SH:  0    Dex: 16    Spells: 3/3 levels left

rFire    . . .     SeeInvis .   a - +0 war axe
rCold    + . .     Gourm    .   (no shield)
rNeg     . . .     Faith    .   k - +0 chain mail (curse)
rPois    .         Spirit   +   c - +0 helmet
rElec    .         Reflect  .   (no cloak)
rCorr    .         Harm     .   (no gloves)
MR       .....                  (no boots)
Stlth    ..........             j - amulet of guardian spirit
HPRegen  0.47/turn              h - ring of protection from cold
MPRegen  0.09/turn              (no ring)

@: no status effects
A: fangs 2, regeneration 1, magic shield, antimagic bite, no potion heal 3, rot
immunity
a: no special abilities


You were on level 3 of the Dungeon.
You were hungry.

You visited 1 branch of the dungeon, and saw 3 of its levels.

You collected 95 gold pieces.

Inventory:

Hand Weapons
 a - a +0 war axe (weapon)
Missiles
 d - 3 throwing nets (quivered)
Armour
 b - a +0 leather armour
 c - a +0 helmet (worn)
 k - a cursed +0 chain mail (worn)
 q - a cursed -2 ring mail
Jewellery
 h - a ring of protection from cold (left hand)
 j - an amulet of guardian spirit (around neck)
Scrolls
 e - a scroll of identify {unknown}
 i - a scroll of remove curse {unknown}
 l - 2 scrolls of random uselessness {unknown}
 o - a scroll of magic mapping {unknown}
 t - a scroll of teleportation {unknown}
Potions
 g - 2 potions of ambrosia {unknown}
 m - a potion of lignification {unknown}
 n - a potion of flight {unknown}
 p - a potion of cancellation {unknown}
 s - a potion of agility {unknown}
 u - a potion of resistance {unknown}
Comestibles
 f - 4 bread rations
 v - a meat ration


   Skills:
 + Level 2.1 Fighting
 + Level 3.7 Axes
 + Level 1.7 Throwing
 + Level 1.0 Armour
 + Level 2.9 Dodging
 + Level 0.4 Stealth


You had 3 spell levels left.
You didn't know any spells.

Dungeon Overview and Level Annotations

Branches:
Dungeon (3/15)

Altars:


Innate Abilities, Weirdness & Mutations

You have extremely sharp teeth.
Your natural rate of healing is unusually fast.
When hurt, damage is shared between your health and your magic reserves.
Your bite disrupts and absorbs the magic of your enemies.
Potions cannot restore your health.
You are immune to rotting.


Message History

Your chain mail prevents you from hitting the orc priest.
The orc priest is severely wounded.
You closely miss the jackal.
You hit the orc wizard but do no damage.
Your chain mail prevents you from hitting the orc.
The orc hits you but does no damage. The jackal closely misses you.
The orc priest misses you. The orc wizard hits you with a dagger.
* * * LOW HITPOINT WARNING * * *
The orc barely misses you.
You hit the orc priest.
The orc priest is almost dead.
You barely miss the orc. You closely miss the orc wizard. You hit the orc.
You hit the jackal. The jackal closely misses you.
The orc hits you with a falchion.
* * * LOW HITPOINT WARNING * * *
The jackal bites you but does no damage.
The orc priest hits you but does no damage.
The orc wizard hits you but does no damage.
The orc hits you with a flail.
You die...

# .. #.###
#...#
##.#.#### #
#.......##.#
#....oo....#
#...8@h.#
#..8o8o.#
#..o8......?
#...K.....##..
#........##
...#..#####
......# ..####
..


You could see an orc priest, an orc wizard, 3 orcs, a jackal and a kobold.

Vanquished Creatures
  3 adders (D:2)
  A worm (D:2)
  2 leopard geckos
  4 orcs (D:2)
  3 giant cockroaches
  9 goblins
  3 jackals (D:1)
  2 ball pythons
  7 bats
  4 frilled lizards
  6 kobolds
  5 rats
49 creatures vanquished.

Notes
Turn   | Place    | Note
-------+----------+-------------------------------------------
     0 | D:1      | slep the Vine Stalker Gladiator began the quest for the Orb.
     0 | D:1      | Reached XP level 1. HP: 11/11 MP: 2/2
    71 | D:1      | Reached XP level 2. HP: 12/15 MP: 3/3
   249 | D:1      | Reached skill level 3 in Axes
   656 | D:2      | Reached XP level 3. HP: 18/18 MP: 4/4
   767 | D:2      | Reached skill level 1 in Armour
   858 | D:2      | Gained mutation: Your natural rate of healing is unusually fast. [Vine Stalker growth]
   858 | D:2      | Reached XP level 4. HP: 13/23 MP: 5/5
  1028 | D:3      | Slain by an orc

Vault maps used:
D:1:      ncdulo_smallfort, st_stairs_3, minmay_pentomino_p4
D:3:      grunt_dithmenos_smoke, st_stairs_14, minmay_gold_behind_fungi,
          corexii_corridor_pit

Skill      XL: |  1  2  3 |
---------------+----------+-----
Axes           | 3 |  3.7
Armour         | 1 |  1.0
Fighting       | 2 |  2.1
Throwing       | |  1.7
Dodging        | |  2.9
Stealth        | |  0.4

Action                   |  1- 3 |  4- 6 || total
-------------------------+-------+-------++-------
Melee: War axe           |   105 |    30 ||   135
       Bite              |    32 |     5 ||    37
 Stab: Sleeping          |     1 |       ||     1
Armor: Leather armour    |     5 |       ||     5
       Chain mail        |    56 |    28 ||    84
Dodge: Dodged            |    70 |    21 ||    91

Table legend:
 A = Spawn XP
 B = Non-spawn XP
 C = Spawn XP percentage of total XP
 D = Spawn monster count
 E = Non-spawn monster count
 F = Spawn count percentage of total count
 G = Total turns spent on level
                    A         B        C        D         E        F      G
               +---------+---------+-------+---------+---------+-------+---------
         Total |       0 |     121 |   0.0 |       0 |      49 |   0.0 |  1028
               +---------+---------+-------+---------+---------+-------+---------
           D:1 |       0 |      32 |   0.0 |       0 |      21 |   0.0 |   655
           D:2 |       0 |      85 |   0.0 |       0 |      25 |   0.0 |   357
           D:3 |       0 |       4 |   0.0 |       0 |       3 |   0.0 |    16
               +---------+---------+-------+---------+---------+-------+---------
